 Dungeon Crawl Stone Soup version 0.23.2-1-ga50397a (webtiles) character file.

Game seed: 692742517635002752

44 Iscandelvey the Vexing (level 3, -1/26 HPs)
             Began as a Demonspawn Arcane Marksman on Apr 17, 2019.
             Killed from afar by Sigmund (9 damage)
             ... with a puff of flame
             ... on level 2 of the Dungeon.
             The game lasted 00:00:57 (749 turns).

Iscandelvey the Vexing (Demonspawn Arcane Marksman)  Turns: 749, Time: 00:00:58

Health: -1/26      AC:  2    Str: 10    XL:     3   Next: 41%
Magic:  4/4        EV: 12    Int: 15    God:
Gold:   99         SH:  0    Dex: 13    Spells: 3/4 levels left

rFire    . . .     SeeInvis .   a - +0 hand crossbow
rCold    . . .     Gourm    .   (no shield)
rNeg     . . .     Faith    .   e - +0 robe
rPois    .         Spirit   .   (no helmet)
rElec    .         Reflect  .   (no cloak)
rCorr    .         Harm     .   (no gloves)
MR       .....                  (no boots)
Stlth    +.........             (no amulet)
HPRegen  0.08/turn              (no ring)
MPRegen  0.09/turn              (no ring)

@: no status effects
A: powered by pain 1
a: no special abilities


You were on level 2 of the Dungeon.
You were not hungry.

You visited 1 branch of the dungeon, and saw 2 of its levels.

You collected 99 gold pieces.

Inventory:

Hand Weapons
 a - a +0 hand crossbow (weapon)
Missiles
 d - 3 bolts (quivered)
Armour
 e - a +0 robe (worn)
Scrolls
 b - a scroll of enchant weapon {unknown}
Comestibles
 f - 3 rations


   Skills:
 + Level 1.1 Fighting
 + Level 2.6 Crossbows
 + Level 2.1 Dodging
 + Level 1.0 Spellcasting
 + Level 3.6 Hexes


You had 3 spell levels left.
You knew the following spells:

 Your Spells              Type           Power        Failure   Level  Hunger
a - Corona                Hex            ##.....      5%          1    ##.....

Your spell library contained the following spells:

 Spells                   Type           Power        Failure   Level  Hunger
 Slow                     Hex            ##......     9%          2    ###....
 Inner Flame              Hex/Fire       #.......     34%         3    ####...
 Portal Projectile        Hex/Tloc       #.....       34%         3    ####...
 Cause Fear               Hex            ##........   47%         4    #####..
 Leda's Liquefaction      Hex/Erth       #.........   75%         4    #####..


Dungeon Overview and Level Annotations

Branches:
Dungeon (2/15)

Altars:
Okawaru

Annotations:
D:2 Sigmund


Innate Abilities, Weirdness & Mutations

You sometimes gain a little power by taking damage.


Message History

Aim: Sigmund, wielding a +0 scythe and wearing a +0 robe (severely wounded, unusually agile)
Okay, then.
Firing (i - inventory) No suitable missiles.
Press: ? - help, Shift-Dir - straight line, f/p - Sigmund
Aim: Sigmund, wielding a +0 scythe and wearing a +0 robe (severely wounded, unusually agile)
Okay, then.
Firing (i - inventory) No suitable missiles.
Press: ? - help, Shift-Dir - straight line, f/p - Sigmund
Aim: Sigmund, wielding a +0 scythe and wearing a +0 robe (severely wounded, unusually agile)
Okay, then.
d - 4 bolts Sigmund barely misses you.
Firing (i - inventory)
d - 4 bolts (quivered)
Press: ? - help, Shift-Dir - straight line, f/p - Sigmund
Aim: Sigmund, wielding a +0 scythe and wearing a +0 robe (severely wounded, unusually agile)
You shoot a bolt. The bolt hits Sigmund!
Sigmund is almost dead.
Sigmund points at you and mumbles some strange words.
The puff of flame hits you!
You die...

#((#
..#
(>#
(.#
#.#
#@#
#.#
#@#
#(#
#(#
#%#
#.#
#.#
#.#
#.#


You could see Sigmund.

Vanquished Creatures
  A gnoll (D:1)
  2 dart slugs (D:1)
  A leopard gecko (D:1)
  A ball python (D:1)
  3 bats (D:1)
  A giant cockroach (D:2)
  5 goblins (D:1)
  3 hobgoblins (D:1)
  3 kobolds (D:1)
  4 frilled lizards
  5 rats (D:1)
29 creatures vanquished.

Notes
Turn   | Place    | Note
-------+----------+-------------------------------------------
     0 | D:1      | Iscandelvey the Demonspawn Arcane Marksman began the quest
                  | for the Orb.
     0 | D:1      | Reached XP level 1. HP: 15/15 MP: 2/2
   167 | D:1      | Gained mutation: You sometimes gain a little power by
                  | taking damage. [demonic ancestry]
   167 | D:1      | Reached XP level 2. HP: 21/21 MP: 3/3
   288 | D:1      | Found an iron altar of Okawaru.
   355 | D:1      | Reached XP level 3. HP: 7/26 MP: 4/4
   735 | D:2      | Noticed Sigmund
   749 | D:2      | Killed from afar by Sigmund

Skill      XL: |  1  2 |
---------------+-------+-----
Dodging        | 2 |  2.1
Crossbows      | 2 |  2.6
Fighting       | |  1.1
Spellcasting   | |  1.0
Hexes          | |  3.6

Action                   || total
-------------------------++-------
 Fire: Hand crossbow     ||    69
Armor: Robe              ||     4
Dodge: Dodged            ||    13
